 Dungeon Crawl Stone Soup version 0.30-a0-743-gbfdf073431 (webtiles) character file.

Game seed: 10986886113486683169

324 MachoJfn the Grave Robber (level 6, -16/42 HPs)
             Began as a Mummy Necromancer on Feb 7, 2023.
             Was a Believer of Vehumet.
             Killed by an exploding endoplasm (58 damage)
             ... ignited by their inner flame
             ... on level 4 of the Dungeon.
             The game lasted 00:15:25 (4360 turns).

MachoJfn the Grave Robber (Mummy Necromancer)       Turns: 4360, Time: 00:15:26

Health: -16/42     AC:  5    Str: 11    XL:     6   Next: 23%
Magic:  13/13      EV: 11    Int: 16    God:    Vehumet [**....]
Gold:   147        SH:  0    Dex: 13    Spells: 13/15 levels left

rFire   x . .      SeeInvis .    a - +3 dagger (pain)
rCold   + . .      Faith    +    (no shield)
rNeg    + + +      Spirit   .    e - +1 leather armour
rPois   ∞          Reflect  .    (no helmet)
rElec   .          Harm     .    (no cloak)
rCorr   .          Rampage  .    i - +0 pair of gloves
Will    .....                    (no boots)
Stlth   ++                       (no amulet)
HPRegen 0.27/turn                (no ring)
MPRegen 0.13/turn                (no ring)

@: no status effects
A: cold resistance 1, negative energy resistance 3, torment resistance 2, heat
vulnerability 1, in touch with death 1, no potions, faith
a: Renounce Religion


You were on level 4 of the Dungeon.
You worshipped Vehumet.
Vehumet was pleased with you.
You visited 1 branch of the dungeon, and saw 4 of its levels.

You collected 147 gold pieces.

Inventory:

Hand Weapons
 a - a +3 dagger of pain (weapon)
Missiles
 d - a throwing net
Armour
 e - a +1 leather armour (worn)
 i - a +0 pair of gloves (worn)
Scrolls
 b - 5 scrolls of identify
 c - a scroll of silence
 f - a scroll of fear


   Skills:
 + Level 0.3 Fighting
 + Level 0.2 Short Blades
 + Level 0.4 Armour
 + Level 1.8 Dodging
 + Level 2.1 Stealth
 + Level 5.1 Spellcasting
 + Level 0.1 Conjurations
 + Level 5.9 Necromancy
 + Level 0.1 Fire Magic
 + Level 0.1 Evocations


You had 13 spell levels left.
You knew the following spells:

 Your Spells              Type           Power      Damage    Failure   Level
a - Necrotise             Necr           100%       1d9       1%          1
b - Foxfire               Conj/Fire      16%        2x1d4     19%         1

Your spell library contained the following spells:

 Spells                   Type           Power      Damage    Failure   Level
 Vampiric Draining        Necr           34%        2d8       4%          3
 Animate Dead             Necr           34%        N/A       17%         4
 Agony                    Necr           34%        N/A       43%         5
 Frozen Ramparts          Ice            8%         1d2       52%         3
 Animate Armour           Summ/Erth      8%         N/A       89%         4
 Summon Ice Beast         Ice/Summ       4%         N/A       89%         4
 Iron Shot                Conj/Erth      2%         9d2       100%        6
 Beastly Appendage        Tmut           Unusable   N/A       N/A         1
 Wereblood                Tmut           Unusable   N/A       N/A         2
 Spider Form              Tmut/Pois      Unusable   N/A       N/A         3
 Ice Form                 Ice/Tmut       Unusable   N/A       N/A         4
 Blade Hands              Tmut           Unusable   N/A       N/A         5

Dungeon Overview and Level Annotations

Branches:
Dungeon (4/15)
 Temple: D:4-7

Altars:
Vehumet

Shops:
D:3 =


Innate Abilities, Weirdness & Mutations

You are immune to poison.
Your flesh is cold resistant. (rC+)
You are immune to negative energy. (rN+++)
You are immune to unholy pain and torment.
You are vulnerable to heat. (rF-)
You are in touch with the powers of death.
You do not drink.
You have a special connection with the divine. (Faith)


Message History

Confirm with . or Enter, or press ? or * to list all spells.
Aiming: Necrotise (safe; 1% risk of failure)
Press: ? - help, Shift-Dir - straight line, f - jackal
Aim: a jackal (heavily wounded, chance to affect: 93%)
You feel a surge of power!
The jackal writhes in agony!
You kill the jackal!
Vehumet accepts your kill.
The dead are walking!
Casting: Necrotise (safe; 1% risk of failure)
Confirm with . or Enter, or press ? or * to list all spells.
Aiming: Necrotise (safe; 1% risk of failure)
Press: ? - help, Shift-Dir - straight line, f - jackal
Aim: a jackal (lightly wounded, ally target, chance to affect: 93%)
You feel a surge of power!
The jackal writhes in agony.
You kill the jackal!
Vehumet accepts your kill.
The dead are walking!
Casting: Necrotise (safe; 1% risk of failure)
Confirm with . or Enter, or press ? or * to list all spells.
Aiming: Necrotise (safe; 1% risk of failure)
Press: ? - help, Shift-Dir - straight line, f - you
Okay, then.
There is an open door here.
You swap places.
Found a stone staircase leading up.
Your jackal skeleton crumbles into dust!
Your jackal skeleton crumbles into dust!
g - a scroll labelled CICHOK GESOEXAHEMP An endoplasm comes into view.
As you read the scroll labelled CICHOK GESOEXAHEMP, it crumbles to dust.
The creatures around you are filled with an inner flame!
It was a scroll of immolation.
The endoplasm freezes you.
You are frozen.
You resist.
You hit the endoplasm but do no damage.
The endoplasm writhes in agony.
Vehumet accepts your kill.
The endoplasm explodes!
The fiery explosion engulfs you!!! The fire burns you terribly!
Ouch! That really hurt!
You die...

############ #....§.@...#
########## #.########.#
#..<...... #.#
##...#.####.######..
#.###.........#.# #.#
##.##.......##.#.# #.#
#...........# #.# #.#
#..##.......# #.# ####†#
########..###......## #.###.....
#..........^.......##.#.#...†...


There were no monsters in sight!

Vanquished Creatures
  A phantom (D:3)
  2 hounds
  Natasha (thrice) (D:2)
  3 adders
  2 dart slugs
  A worm (D:3)
  4 orcs (D:3)
  9 ball pythons
  4 bats
  An endoplasm (D:4)
  2 giant cockroaches
  9 goblins
  4 hobgoblins
  4 jackals (D:4)
  7 quokkas
  4 frilled lizards
  7 kobolds
  5 rats
  3 bushes (D:2)
75 creatures vanquished.

Vanquished Creatures (collateral kills)
  2 ball pythons (D:1)
  2 goblins
  2 hobgoblins
  A rat (D:3)
7 creatures vanquished.

Vanquished Creatures (others)
  11 foxfires
  A fungus (D:2)
  3 plants (D:2)
15 creatures vanquished.

Grand Total: 97 creatures vanquished

Notes
Turn   | Place    | Note
-------+----------+-------------------------------------------
     0 | D:1      | MachoJfn the Mummy Necromancer began the quest for the Orb.
     0 | D:1      | Reached XP level 1. HP: 13/13 MP: 4/4
   129 | D:1      | Reached XP level 2. HP: 12/19 MP: 0/5
   880 | D:2      | Gained mutation: You are in touch with the powers of death.
                  | [Mummy growth]
   880 | D:2      | Reached XP level 3. HP: 24/24 MP: 3/7
  1101 | D:2      | Found a faded altar of an unknown god.
  1177 | D:2      | Prayed at the altar of an unknown god.
  1177 | D:2      | Became a worshipper of Vehumet
  1177 | D:2      | Reached * piety under Vehumet
  1177 | D:2      | Offered knowledge of Freeze by Vehumet.
  1662 | D:2      | Noticed Natasha
  1669 | D:2      | Killed Natasha
  1670 | D:2      | Reached XP level 4. HP: 21/30 MP: 2/9
  2013 | D:2      | Noticed Natasha
  2018 | D:2      | Killed Natasha
  2019 | D:2      | Reached skill level 5 in Necromancy
  2217 | D:2      | Noticed Natasha
  2222 | D:2      | Killed Natasha
  2563 | D:3      | Reached XP level 5. HP: 35/35 MP: 7/11
  2748 | D:3      | Found Xynwor's Jewellery Shoppe.
  3014 | D:3      | Offered knowledge of Foxfire by Vehumet.
  3017 | D:3      | Learned a level 1 spell: Foxfire
  3022 | D:3      | Reached ** piety under Vehumet
  3604 | D:4      | Noticed a phantom
  4062 | D:3      | Killed a phantom
  4063 | D:3      | Reached skill level 5 in Spellcasting
  4063 | D:3      | Reached XP level 6. HP: 10/42 MP: 13/13
  4360 | D:4      | Killed by an exploding endoplasm... ignited by their inner
                  | flame

Illustrated notes

Levels and vault maps discovered:
D:1:      heliophobic_arrival_henge, layout_rooms
D:2:      kennysheep_the_goblin_king, layout_loops_corners,
          shapermc_ecumenical_altar_ellora, serial_forest,
          infiniplex_forest_end_3, infiniplex_forest_corner_1,
          infiniplex_forest_clump_curved, infiniplex_forest_lined_room_,
          infiniplex_forest_clump_medium, infiniplex_forest_clump_medium,
          uniq_natasha
D:3:      layout_loops_ring, general_overflow_altar, serial_aquarium,
          aquarium_bridge_square [aquarium_subvault_bridge,
          aquarium_subvault_balcony, aquarium_subvault_wall,
          aquarium_subvault_balcony], aquarium_window_2, aquarium_window_2,
          aquarium_view_2g, aquarium_view_2g, aquarium_balcony_double_3,
          serial_shops, shop
D:4:      layout_loops_ring, lemuel_coloured_pillars_altar, grunt_ministairs_15

Skill      XL: |  1  2  3  4  5 |
---------------+----------------+-----
Spellcasting   | 3 4 5 |  5.1
Necromancy     | 5 |  5.9
Stealth        | 2 |  2.1
Fighting       | |  0.3
Short Blades   | |  0.2
Armour         | |  0.4
Dodging        | |  1.8
Conjurations   | |  0.1
Fire Magic     | |  0.1
Evocations     | |  0.1

Action                     |  1- 3 |  4- 6 || total
---------------------------+-------+-------++-------
  Melee: Club              |    13 |       ||    13
         Unarmed           |     2 |       ||     2
         Dagger            |     6 |   163 ||   169
         Punch             |       |     1 ||     1
   Cast: Necrotise         |    65 |    55 ||   120
         Foxfire           |       |     8 ||     8
  Evoke: Wand              |       |     3 ||     3
    Use: Scroll            |     4 |     3 ||     7
   Stab: Invisible         |       |     3 ||     3
 Armour: Robe              |     1 |       ||     1
         Leather armour    |     3 |    18 ||    21
  Dodge: Dodged            |    10 |    28 ||    38

Table legend: (Time is in decaauts)
 A = Elapsed time spent in this place.
 B = Non-inter-level travel time spent in this place.
 C = Inter-level travel time spent in this place.
 D = Time resting spent in this place.
 E = Time spent auto-exploring this place.
 F = Levels seen in this place.
 G = Mean time per level.
                   A        B        C        D        E       F      G
               +--------+--------+--------+--------+--------+-----+--------+
         Total |   4377 |   3855 |    522 |    456 |   2761 |   4 | 1094.2 |
       Dungeon |   4377 |   3855 |    522 |    456 |   2761 |   4 | 1094.2 |
               +--------+--------+--------+--------+--------+-----+--------+

Top non-repeatable levels by time:
     D:2: 1920 daAuts
     D:3: 1544 daAuts
     D:1: 572 daAuts
     D:4: 339 daAuts
